 Dungeon Crawl Stone Soup version 0.29.1-12-g30fa7ad0bf (webtiles) character file.

Game seed: 3204788017403002113

2681 EarthwalkerPL the Protected (level 9, -5/82 HPs)
             Began as a Minotaur Fighter on Jan 5, 2023.
             Slain by a gargoyle
             ... wielding a +0 morningstar
              (14 damage)
             ... on level 8 of the Dungeon.
             The game lasted 00:09:31 (5992 turns).

EarthwalkerPL the Protected (Minotaur Fighter)      Turns: 5992, Time: 00:09:32

Health: -5/82      AC:  8    Str: 32    XL:     9   Next: 37%
Magic:  8/8        EV: 12    Int:  5    God:
Gold:   249        SH:  5    Dex:  9    Spells: 8/8 levels left

rFire   . . .      SeeInvis .   F - +2 war axe
rCold   . . .      Faith    .   c - +0 buckler
rNeg    . . .      Spirit   .   o - +2 ring mail {rPois}
rPois   +          Reflect  .   (helmet restricted)
rElec   .          Harm     .   (no cloak)
rCorr   +          Rampage  .   (no gloves)
Will    .....                   (no boots)
Stlth   ..........              (no amulet)
HPRegen 0.23/turn               J - ring of resist corrosion
MPRegen 0.11/turn               B - +6 ring of strength

@: no status effects
A: horns 2, retaliatory headbutt
a: no special abilities


You were on level 8 of the Dungeon.
You visited 2 branches of the dungeon, and saw 9 of its levels.

You collected 249 gold pieces.

Inventory:

Hand Weapons
 a - a +0 war axe
 F - a +2 war axe (weapon)
 I - a +0 broad axe
Missiles
 h - 5 poisoned darts (quivered)
 i - 5 javelins
 t - 4 boomerangs
Armour
 b - a +0 scale mail
 c - a +0 buckler (worn)
 m - a +0 plate armour
 o - a +2 ring mail of poison resistance (worn)
Jewellery
 s - a ring of magical power
 B - a +6 ring of strength (right hand)
 J - a ring of resist corrosion (left hand)
Wands
 G - a wand of flame (24)
Scrolls
 e - 2 scrolls of silence {unknown}
 f - 5 scrolls of teleportation {unknown}
 g - 13 scrolls of identify {unknown}
 l - 4 scrolls of summoning {unknown}
 v - 5 scrolls of poison {unknown}
 w - a scroll of amnesia {unknown}
 y - a scroll of vulnerability {unknown}
 A - a scroll of enchant armour {unknown}
 C - a scroll of blinking {unknown}
 D - 2 scrolls of magic mapping {unknown}
 E - a scroll of immolation {unknown}
 H - a scroll of noise {unknown}
Potions
 d - a potion of might
 j - 4 potions of mutation {unknown}
 k - a potion of degeneration {unknown}
 n - 2 potions of curing
 p - a potion of attraction {unknown}
 q - 2 potions of brilliance {unknown}
 r - a potion of lignification {unknown}
 u - a potion of resistance {unknown}
 x - a potion of heal wounds {unknown}
 z - 4 potions of flight {unknown}


   Skills:
 * Level 8.6 Fighting
 * Level 8.1 Axes
 * Level 8.6 Armour
 + Level 4.5 Dodging
 + Level 6.4 Shields


You had 8 spell levels left.
You didn't know any spells.
Your spell library contained the following spells:

 Spells                   Type           Power      Damage    Failure   Level
 Foxfire                  Conj/Fire      0%         2x1d4     65%         1
 Freeze                   Ice            0%         1d3       65%         1
 Blink                    Tloc           0%         N/A       80%         2
 Call Canine Familiar     Summ           0%         N/A       95%         3
 Conjure Flame            Conj/Fire      0%         6-21      95%         3
 Frozen Ramparts          Ice            0%         1d1       95%         3
 Ignite Poison            Fire/Tmut/Pois 0%         N/A       95%         3
 Inner Flame              Hex/Fire       0%         N/A       95%         3
 Portal Projectile        Hex/Tloc       0%         N/A       95%         3
 Flame Wave               Conj/Fire      0%         2d4       100%        4
 Ice Form                 Ice/Tmut       0%         N/A       100%        4
 Leda's Liquefaction      Hex/Erth       0%         N/A       100%        4
 Sticky Flame             Conj/Fire      0%         2d3       100%        4
 Summon Ice Beast         Ice/Summ       0%         N/A       100%        4
 Alistair's Intoxication  Tmut/Pois      0%         N/A       100%        5
 Manifold Assault         Tloc           0%         N/A       100%        5
 Storm Form               Tmut/Air       0%         N/A       100%        7
 Polar Vortex             Ice            0%         N/A       100%        9


Dungeon Overview and Level Annotations

Branches:
Dungeon (8/15)             Temple (1/1) D:4
   Lair: D:8-11

Altars:
Ashenzari
Cheibriados
Dithmenos
Elyvilon
Fedhas
Gozag
Hepliaklqana
Makhleb
Nemelex Xobeh
Qazlal
Ru
Sif Muna
Trog
Vehumet
Xom
Yredelemnul
Zin

Shops:
D:1 [

Annotations:
D:3 1 runed translucent door, kalagan's ghost, amateur DECj


Innate Abilities, Weirdness & Mutations

You have a pair of horns on your head.
You reflexively headbutt those who attack you in melee.


Message History

The hornet stings you but does no damage.
The hornet stings you!
You closely miss the hornet.
The hornet is lightly wounded.
You barely miss the orc. The hornet barely misses you. You furiously retaliate!
You headbutt the hornet.
A gargoyle comes into view. It is wielding a +0 morningstar.
The orc barely misses you.
You barely miss the hornet. Your headbutt misses the hornet.
The hornet is lightly wounded.
You hit the orc. The hornet barely misses you. The hornet stings you!
The orc closely misses you.
You slash the orc!
You kill the orc!
You hit the hornet. You block the hornet's attack.
The hornet barely misses you. You furiously retaliate!
You headbutt the hornet! You slash the hornet!
You kill the hornet!
The gargoyle hurls a stone arrow at you.
You block the stone arrow.
The gargoyle hits you with a +0 morningstar!
Things that are here:
a +0 hand axe; a +0 leather armour You barely miss the gargoyle.
You headbutt the gargoyle!
The gargoyle is moderately damaged.
You block the gargoyle's attack.
You closely miss the gargoyle. Your headbutt misses the gargoyle.
The gargoyle is moderately damaged.
The gargoyle hits you with a +0 morningstar!
You are too injured to fight recklessly!
You hit the gargoyle but do no damage. Your headbutt misses the gargoyle.
The gargoyle is moderately damaged.
The gargoyle hurls a stone arrow at you.
The stone arrow hits you!!
* * * LOW HITPOINT WARNING * * *
The gargoyle misses you.
You hit the gargoyle but do no damage.
The gargoyle is moderately damaged.
The gargoyle hits you with a +0 morningstar!
You die...

..###.
......##########.
#.......<.......
#..#...#########
###.######
#........#
#........#
#........#
#†@?.......
......9.....(.##
...###........# #
#........#
#........#
##########


You could see a gargoyle.

Vanquished Creatures
  A hornet (D:8)
  Menkaure (D:7)
  3 water moccasins
  Duvessa (D:4)
  An ice beast (D:7)
  2 sky beasts (D:7)
  A black bear (D:6)
  An ogre (D:6)
  A centaur (D:7)
  4 bullfrogs
  2 scorpions
  3 necrophages
  4 wights (D:7)
  Dowan (D:4)
  A howler monkey (D:7)
  6 hounds
  5 iguanas
  Jessica (D:3)
  An orc wizard (D:5)
  Terence (D:3)
  3 gnolls (D:7)
  7 adders
  An ufetubus (D:5)
  2 worms
  2 dart slugs
  13 orcs
  7 ball pythons
  5 bats
  5 endoplasms
  A giant cockroach (D:1)
  3 goblins
  7 hobgoblins
  4 jackals (D:5)
  A quokka (D:1)
  4 frilled lizards
  7 kobolds
  7 rats
120 creatures vanquished.

Notes
Turn   | Place    | Note
-------+----------+-------------------------------------------
     0 | D:1      | EarthwalkerPL the Minotaur Fighter began the quest for the
                  | Orb.
     0 | D:1      | Reached XP level 1. HP: 19/19 MP: 0/0
    54 | D:1      | Found Puuloec's Armour Boutique.
   208 | D:1      | Reached XP level 2. HP: 27/27 MP: 1/1
  1085 | D:2      | Reached XP level 3. HP: 33/33 MP: 2/2
  1129 | D:2      | Noticed an ogre
  1298 | D:3      | Found a runed translucent door.
  1298 | D:3      | Noticed kalagan's ghost (amateur DECj)
  1480 | D:3      | Noticed Jessica
  1487 | D:3      | Killed Jessica
  1607 | D:3      | Reached XP level 4. HP: 37/40 MP: 3/3
  1814 | D:3      | Noticed Terence
  1816 | D:3      | Found a faded altar of an unknown god.
  1822 | D:3      | Reached skill level 1 in Dodging
  1824 | D:3      | Killed Terence
  2189 | D:4      | Noticed a bullfrog
  2194 | D:4      | Killed a bullfrog
  2195 | D:4      | Reached skill level 5 in Armour
  2195 | D:4      | Reached XP level 5. HP: 40/47 MP: 4/4
  2282 | D:4      | Found a staircase to the Ecumenical Temple.
  2293 | Temple   | Entered the Ecumenical Temple
  2435 | D:4      | Reached skill level 5 in Fighting
  2780 | D:4      | Noticed Duvessa
  2791 | D:4      | Noticed Dowan
  2795 | D:4      | Killed Duvessa
  2796 | D:4      | Reached XP level 6. HP: 47/56 MP: 5/5
  2803 | D:4      | Killed Dowan
  3130 | D:5      | Entered Level 5 of the Dungeon
  3161 | D:5      | Reached skill level 5 in Axes
  3164 | D:5      | Reached XP level 7. HP: 58/62 MP: 6/6
  3533 | D:5      | Reached skill level 5 in Shields
  3815 | D:6      | Identified the +2 spear "Lokoefil" {drain, Int+2}
  3840 | D:6      | Got the Atlas of Filth and Ice
  3964 | D:6      | Reached XP level 8. HP: 70/71 MP: 7/7
  4781 | D:7      | Reached XP level 9. HP: 53/81 MP: 8/8
  5339 | D:7      | Noticed Menkaure
  5355 | D:7      | Killed Menkaure
  5984 | D:8      | Noticed a gargoyle
  5992 | D:8      | Slain by a gargoyle

Illustrated notes

Levels and vault maps discovered:
D:1:      dpeg_arrival_rhombus, layout_basic, serial_shops, nicolae_square_shop,
          st_stairs_5
D:2:      layout_basic, serial_co_window_serial, co_window_corner_a,
          co_window_of_opportunity_a, co_window_corner_a, co_window_paths_b,
          co_window_corner_a, co_window_paths_c, co_window_cross_4,
          co_window_corner_ca, co_window_paths_e, co_window_4corner_b,
          glass_columns_c, glass_columns_c, kennysheep_another_room, uniq_robin,
          uniq_crazy_yiuf_cottage
D:3:      layout_basic, hellmonk_ghost_happy_afterlife,
          dreamdust_ecumenical_altar_angels_and_demons, uniq_jessica,
          uniq_terence
D:4:      layout_cave_pools, minmay_temple_entry_mist, uniq_duvessa
D:5:      layout_basic, st_stairs_8, feat_on_display
D:6:      layout_basic, chequers_serial_rivers_micro_a
D:7:      layout_basic, uniq_menkaure
D:8:      layout_rooms, chequers_temple_overflow_minitemple,
          minmay_misc_feat_iff, nicolae_shop_vocational
Temple:   sentei_temple_godly_chess

Skill      XL: |  1  2  3  4  5  6  7  8  9 |
---------------+----------------------------+-----
Armour         | 4 5 6 8 |  8.6
Fighting       | 4 5 6 7 8 |  8.6
Axes           | 3 4 5 6 7 8 |  8.1
Dodging        | 1 2 3 4 |  4.5
Shields        | 4 5 6 |  6.4

Action                   |  1- 3 |  4- 6 |  7- 9 || total
-------------------------+-------+-------+-------++-------
Melee: War axe           |    67 |    80 |   195 ||   342
       Headbutt          |     5 |    16 |    35 ||    56
Throw: Dart              |       |     4 |       ||     4
Armor: Scale mail        |    42 |       |       ||    42
       Plate armour      |       |     9 |       ||     9
       Ring mail         |       |    24 |    97 ||   121
Dodge: Dodged            |    38 |    54 |   111 ||   203
Block: Buckler           |    20 |    14 |    41 ||    75
